 Dungeon Crawl Stone Soup version 0.22-a0-619-ga0c6fd2 (webtiles) character file.

24 Hebeh the Firebug (level 2, -3/15 HPs)
             Began as a Deep Elf Fire Elementalist on July 15, 2018.
             Slain by a gnoll
             ... wielding a cursed +0 spear
              (12 damage)
             ... on level 2 of the Dungeon.
             The game lasted 00:03:00 (1198 turns).

Hebeh the Firebug (Deep Elf Fire Elementalist)      Turns: 1198, Time: 00:03:00

Health: -3/15      AC:  2    Str:  5    XL:     2   Next: 79%
Magic:  7/8        EV: 13    Int: 19    God:
Gold:   44         SH:  0    Dex: 15    Spells: 7/8 levels left

rFire    . . .     SeeInvis .   b - +0 hunting sling
rCold    . . .     Gourm    .   (no shield)
rNeg     . . .     Faith    .   c - +0 robe
rPois    .         Spirit   .   (no helmet)
rElec    .         Reflect  .   (no cloak)
rCorr    .         Harm     .   (no gloves)
MR       .....                  (no boots)
Stlth    ++........             f - amulet of inaccuracy (curse)
HPRegen  0.05/turn              (no ring)
MPRegen  0.11/turn              (no ring)

@: no status effects
A: no striking features
a: no special abilities


You were on level 2 of the Dungeon.
You were not hungry.

You visited 1 branch of the dungeon, and saw 2 of its levels.

You collected 44 gold pieces.

Inventory:

Hand Weapons
 a - a +0 club
 b - a +0 hunting sling (weapon)
Missiles
 h - 44 stones (quivered)
 i - 22 bolts
Armour
 c - a +0 robe (worn)
Jewellery
 f - a cursed amulet of inaccuracy (around neck)
Potions
 d - a potion of brilliance {unknown}
 g - a potion of berserk rage {unknown}
Comestibles
 e - 2 rations


   Skills:
 - Level 2.4 Dodging
 - Level 2.4 Stealth
 + Level 3.5 Spellcasting
 * Level 2.3 Conjurations
 + Level 3.6 Fire Magic


You had 7 spell levels left.
You knew the following spells:

 Your Spells              Type           Power        Failure   Level  Hunger
a - Flame Tongue          Conj/Fire      ##...        4%          1    None

Your spell library contained the following spells:

 Spells                   Type           Power        Failure   Level  Hunger
 Fireball                 Conj/Fire      ##........   75%         5    ######.
 Conjure Flame            Conj/Fire      ##......     13%         3    ###....
 Throw Flame              Conj/Fire      ##....       6%          2    ##.....
 Sticky Flame             Conj/Fire      ##......     38%         4    ####...
 Inner Flame              Hex/Fire       ##......     21%         3    ###....


Dungeon Overview and Level Annotations

Branches:
Dungeon (2/15)

Altars:


Message History

Aiming: Flame Tongue (safe; 4% risk of failure)
Press: ? - help, Shift-Dir - straight line, f/p - gnoll
Aim: a gnoll, wielding a spear The flame tongue hits the gnoll.
The gnoll is severely wounded.
The gnoll shouts!
Casting: Flame Tongue (safe; 4% risk of failure)
Confirm with . or Enter, or press ? or * to list all spells.
Aiming: Flame Tongue (safe; 4% risk of failure)
Press: ? - help, Shift-Dir - straight line, f/p - gnoll
Aim: a gnoll, wielding a spear (severely wounded)
The flame tongue hits the gnoll.
You kill the gnoll!
A quokka comes into view.
The quokka moves out of view.
The gnoll hits you from afar with a spear.
There is a stone staircase leading up here.
The gnoll hits you from afar with a spear!
Ouch! That really hurt!
You die...

.# #..# .. .##
...##. .. #..#..
.##.... #..#.#
##..#.... #...>#
##......# #.#..#
#..#)..#..
#.#..###.##......
#.#@.gg#.#.......
#.#.##..........(
#...###..........
#######.....[....
#.............
#...........#.
#........####
#........#
##########


You could see 2 gnolls.

Vanquished Creatures
  A gnoll (D:2)
  A bat (D:1)
  A giant cockroach (D:1)
  A goblin (D:1)
  2 hobgoblins (D:1)
  2 kobolds (D:1)
  3 frilled lizards (D:1)
  5 rats
16 creatures vanquished.

Notes
Turn   | Place    | Note
-------+----------+-------------------------------------------
     0 | D:1      | Hebeh the Deep Elf Fire Elementalist began the quest for the Orb.
     0 | D:1      | Reached XP level 1. HP: 10/10 MP: 6/6
   377 | D:1      | Reached XP level 2. HP: 15/15 MP: 4/8
  1198 | D:2      | Slain by a gnoll

Vault maps used:
D:1:      minmay_arrival_four_loops
D:2:      lemuel_crystal_altar, nicolae_ru_awakened_eye, serial_bayou_pond_b,
          uniq_natasha

Skill      XL: |  1  2 |
---------------+-------+-----
Conjurations   | 2 |  2.3
Dodging        | |  2.4
Stealth        | |  2.4
Spellcasting   | |  3.5
Fire Magic     | |  3.6

Action                   || total
-------------------------++-------
 Fire: Hunting sling     ||    21
 Cast: Flame Tongue      ||    15
  Use: Scroll            ||     2
  Eat: Chunk             ||     1
Armor: Robe              ||     2
Dodge: Dodged            ||     2

Table legend:
 A = Spawn XP
 B = Non-spawn XP
 C = Spawn XP percentage of total XP
 D = Spawn monster count
 E = Non-spawn monster count
 F = Spawn count percentage of total count
 G = Total turns spent on level
                    A         B        C        D         E        F      G
               +---------+---------+-------+---------+---------+-------+---------
         Total |       0 |      35 |   0.0 |       0 |      16 |   0.0 |  1198
               +---------+---------+-------+---------+---------+-------+---------
           D:1 |       0 |      20 |   0.0 |       0 |      14 |   0.0 |  1154
           D:2 |       0 |      15 |   0.0 |       0 |       2 |   0.0 |    44
               +---------+---------+-------+---------+---------+-------+---------
